 Dungeon Crawl Stone Soup version 0.28-a0-1624-g820543e53a (webtiles) character file.

Game seed: 12663324594184350916

1052 HallandMoats the Skirmisher (level 8, -2/71 HPs)
             Began as a Ghoul Fighter on Jan 24, 2022.
             Slain by a gnoll (4 damage)
             ... on level 5 of the Dungeon.
             The game lasted 00:06:20 (4710 turns).

HallandMoats the Skirmisher (Ghoul Fighter)         Turns: 4710, Time: 00:06:20

Health: -2/71      AC: 14    Str: 20    XL:     8   Next: 26%
Magic:  7/7        EV:  6    Int:  5    God:
Gold:   170        SH:  4    Dex:  8    Spells: 7/7 levels left

rFire   . . .      SeeInvis .   r - +2 hand axe (vorpal)
rCold   + . .      Faith    .   c - +0 buckler
rNeg    + + +      Spirit   .   s - +0 plate armour
rPois   ∞          Reflect  .   o - +0 helmet
rElec   .          Harm     .   (no cloak)
rCorr   .          Rampage  .   (no gloves)
Will    .....                   l - +0 pair of boots
Stlth   ..........              (no amulet)
HPRegen 0.00/turn               (no ring)
MPRegen 0.10/turn               (no ring)

@: inhibited regen
A: claws 1, cold resistance 1, negative energy resistance 3, inhibited
regeneration, torment resistance 2
a: no special abilities


You were on level 5 of the Dungeon.
You visited 1 branch of the dungeon, and saw 5 of its levels.

You collected 170 gold pieces.

Inventory:

Hand Weapons
 r - a +2 vorpal hand axe (weapon)
Missiles
 a - 6 curare-tipped darts (quivered)
Armour
 c - a +0 buckler (worn)
 l - a +0 pair of boots (worn)
 o - a +0 helmet (worn)
 s - a +0 plate armour (worn)
Wands
 b - a wand of iceblast (6)
 d - a wand of charming (4)
 u - a wand of digging (4)
Scrolls
 e - 3 scrolls of amnesia
 g - 3 scrolls of teleportation
 h - a scroll of noise
 i - 2 scrolls of vulnerability
 k - a scroll of brand weapon
 m - a scroll of enchant weapon {unknown}
 n - 3 scrolls of magic mapping
 p - a scroll of summoning {unknown}
 q - a scroll of fear {unknown}
Potions
 j - 6 potions of curing
 t - a potion of haste {unknown}


   Skills:
 * Level 6.5 Fighting
 * Level 4.8 Maces & Flails
 + Level 4.2 Armour
 + Level 2.8 Dodging
 + Level 4.1 Shields


You had 7 spell levels left.
You didn't know any spells.
Your spell library contained the following spells:

 Spells                   Type           Power      Damage    Failure   Level
 Animate Skeleton         Necr           0%         N/A       100%        1
 Magic Dart               Conj           0%         1d3       100%        1
 Pain                     Necr           0%         1d4       100%        1
 Sandblast                Erth           0%         2d4       100%        1
 Passwall                 Tmut/Erth      0%         N/A       100%        2
 Searing Ray              Conj           0%         2d4       100%        2
 Stone Arrow              Conj/Erth      0%         3d7       100%        3
 Vampiric Draining        Necr           0%         2d6       100%        3
 Fulminant Prism          Conj/Hex       0%         3d6       100%        4


Dungeon Overview and Level Annotations

Branches:
Dungeon (5/15)             Temple (0/1) D:5

Altars:
Kikubaaqudgha
Trog
Vehumet

Shops:
D:5 *


Innate Abilities, Weirdness & Mutations

You thrive by killing the living.
You are immune to poison.
You have sharp fingernails.
Your flesh is cold resistant. (rC+)
You are immune to negative energy. (rN+++)
You do not regenerate when monsters are visible.
You are immune to unholy pain and torment.


Message History

You hit the gnoll shaman.
The gnoll shaman is moderately wounded.
The gnoll shaman hits you but does no damage.
You block the gnoll's attack.
The gnoll shaman hits you but does no damage.
The gnoll hits you but does no damage.
You hit the gnoll shaman but do no damage.
The gnoll shaman is moderately wounded.
You block the gnoll shaman's attack. The gnoll barely misses you.
You closely miss the gnoll shaman.
The gnoll shaman is moderately wounded.
The gnoll shaman hits you with a +0 club.
The gnoll hits you from afar with a +0 halberd.
You hit the gnoll shaman but do no damage.
The gnoll shaman is moderately wounded.
You block the gnoll shaman's attack. The gnoll hits you but does no damage.
You hit the gnoll shaman.
The gnoll shaman is heavily wounded.
The gnoll shaman hits you but does no damage.
The gnoll hits you from afar with a +0 halberd!
You hit the gnoll shaman but do no damage.
The gnoll shaman is heavily wounded.
The gnoll shaman hits you with a +0 club.
* * * LOW HITPOINT WARNING * * *
The gnoll barely misses you.
The gnoll shaman hits you but does no damage.
The gnoll shaman calls upon its god to speed up something.
The gnoll hits you from afar with a +0 halberd.
* * * LOW HITPOINT WARNING * * *
The gnoll hits you from afar with a +0 halberd.
* * * LOW HITPOINT WARNING * * *
You block the gnoll's attack.
The gnoll hits you from afar with a +0 halberd!
* * * LOW HITPOINT WARNING * * *
You see here 6 curare-tipped darts.
a - 6 curare-tipped darts The gnoll hits you from afar with a +0 halberd!
* * * LOW HITPOINT WARNING * * *
The gnoll hits you from afar with a +0 halberd.
You die...

#..## ###.#########.#.
#.#######..........g..#.
##.##......####..g....###
#.....###### ##g###..###
#...### #.g# ##....
***##..# #.## #....
*,,....####* #.# #####
*,..##..>..#### ##.# #
*##........@.g###..# #
#*#########.ggg.###### #
###........#***#
#.#####.......
###########.# ***..##.
##.....##....# *#..##
##.........#### *#...
#..##.##..## ####
#..#...#..#


You could see a gnoll shaman and 3 gnolls.

Vanquished Creatures
  Grinder (D:4)
  An ogre (D:4)
  A necrophage (D:4)
  A centaur (D:5)
  4 killer bees (D:5)
  2 hounds
  An orc priest (D:3)
  A bullfrog skeleton (D:5)
  Ijyb (D:4)
  5 orc wizards
  A hound skeleton (D:4)
  4 gnolls
  7 adders
  2 adder skeletons (D:4)
  A worm (D:4)
  9 orcs
  4 ball pythons
  8 endoplasms
  A giant cockroach (D:4)
  7 goblins
  3 hobgoblins
  3 jackals (D:4)
  3 kobolds
  A quokka (D:1)
  3 bats
  5 rats
80 creatures vanquished.

Notes
Turn   | Place    | Note
-------+----------+-------------------------------------------
     0 | D:1      | HallandMoats the Ghoul Fighter began the quest for the Orb.
     0 | D:1      | Reached XP level 1. HP: 19/19 MP: 0/0
   239 | D:1      | Reached XP level 2. HP: 26/26 MP: 1/1
   736 | D:2      | Reached XP level 3. HP: 24/33 MP: 2/2
   924 | D:2      | Reached skill level 4 in Fighting
   932 | D:2      | Reached skill level 1 in Dodging
   932 | D:2      | Reached XP level 4. HP: 28/40 MP: 3/3
  2292 | D:3      | Reached XP level 5. HP: 29/47 MP: 4/4
  2585 | D:3      | Found a radiant altar of Vehumet.
  2822 | D:4      | Noticed Ijyb
  2885 | D:4      | Killed Ijyb
  3152 | D:4      | Reached XP level 6. HP: 29/55 MP: 5/5
  3405 | D:4      | Reached skill level 5 in Fighting
  3836 | D:5      | Entered Level 5 of the Dungeon
  4002 | D:5      | Found Siol's Gadget Gallery.
  4002 | D:5      | Noticed Grinder
  4002 | D:5      | Noticed a necrophage
  4014 | D:4      | Paralysed by Grinder for 5 turns
  4031 | D:4      | Killed a necrophage
  4032 | D:4      | Reached XP level 7. HP: 26/61 MP: 6/6
  4035 | D:4      | Killed Grinder
  4379 | D:5      | Reached skill level 6 in Fighting
  4428 | D:5      | Reached XP level 8. HP: 32/70 MP: 7/7
  4644 | D:5      | Found a bloodstained altar of Trog.
  4660 | D:5      | Found an ancient bone altar of Kikubaaqudgha.
  4710 | D:5      | HP: 2/71 [gnoll (7)]
  4710 | D:5      | Slain by a gnoll

Illustrated notes

Levels and vault maps discovered:
D:1:      saegor_arrival_simple_d, layout_rooms, kennysheep_another_room
D:2:      layout_loops_ring, serial_co_window_serial, co_window_cross_1,
          co_window_of_opportunity_a, co_window_paths_a, co_window_paths_a,
          co_window_paths_b, co_window_2corner, co_window_cross_3,
          co_window_corner_cb, co_window_of_opportunity_c, co_window_broadway_b,
          co_window_2corner, co_window_paths_c, co_window_paths_d,
          glass_columns_a, glass_columns_a
D:3:      layout_rooms, lemuel_doored_altar
D:4:      layout_rooms, uniq_ijyb
D:5:      layout_rooms, nicolae_kikubaaqudgha_miasma_corner,
          nicolae_dithmenos_through_a_glass_darkly,
          mainiacjoe_overflow_alcove_2, minmay_temple_entry_trees,
          ebering_ghost_gozag, nicolae_shop_gadgets, uniq_grinder

Skill      XL: |  1  2  3  4  5  6  7  8 |
---------------+-------------------------+-----
Maces & Flails | 2 3 4 |  4.8
Fighting       | 4 5 6 |  6.5
Armour         | 3 4 |  4.2
Dodging        | 1 2 |  2.8
Shields        | 3 4 |  4.1

Action                   |  1- 3 |  4- 6 |  7- 9 || total
-------------------------+-------+-------+-------++-------
Melee: Flail             |    56 |   145 |       ||   201
       Hand axe          |       |    70 |    87 ||   157
Evoke: Wand              |       |       |     1 ||     1
  Use: Potion            |       |     2 |     2 ||     4
       Scroll            |       |     1 |     5 ||     6
Armor: Scale mail        |    20 |   111 |       ||   131
       Plate armour      |       |    50 |   106 ||   156
Dodge: Dodged            |    25 |   138 |    49 ||   212
Block: Buckler           |    12 |    43 |    27 ||    82

Table legend: (Time is in decaauts)
 A = Elapsed time spent in this place.
 B = Non-inter-level travel time spent in this place.
 C = Inter-level travel time spent in this place.
 D = Time resting spent in this place.
 E = Time spent auto-exploring this place.
 F = Levels seen in this place.
 G = Mean time per level.
                   A        B        C        D        E       F      G
               +--------+--------+--------+--------+--------+-----+--------+
         Total |   4812 |   4608 |    204 |    798 |   2939 |   5 |  962.4 |
       Dungeon |   4812 |   4608 |    204 |    798 |   2939 |   5 |  962.4 |
               +--------+--------+--------+--------+--------+-----+--------+

Top non-repeatable levels by time:
     D:2: 1173 daAuts
     D:4: 1149 daAuts
     D:3: 926 daAuts
     D:1: 876 daAuts
     D:5: 686 daAuts
